 Dungeon Crawl Stone Soup version 0.30-a0-760-g5a9884bb7c (webtiles) character file.

Game seed: 4585529285193945175

4925 mopl the Covert (level 10, -2/52 HPs)
             Began as a Vine Stalker Brigand on Feb 10, 2023.
             Was a Believer of Kikubaaqudgha.
             Slain by a hornet (5 damage)
             ... while paralysed by a hornet
             ... on level 7 of the Dungeon.
             The game lasted 00:13:47 (6050 turns).

mopl the Covert (Vine Stalker Brigand)              Turns: 6050, Time: 00:13:47

Health: -2/52      AC:  9    Str: 14    XL:     10   Next: 52%
Magic:  0/14       EV:  2    Int: 13    God:    Kikubaaqudgha [**....]
Gold:   241        SH:  0    Dex: 18    Spells: 10/13 levels left

rFire   . . .      SeeInvis +    a - +2 dagger (vamp)
rCold   . . .      Faith    .    (no shield)
rNeg    . . .      Spirit   +    O - +0 steam dragon scales
rPois   .          Reflect  .    w - +0 helmet
rElec   .          Harm     .    c - +0 cloak
rCorr   .          Rampage  .    D - +0 pair of gloves
Will    +....                    k - +0 pair of boots
Stlth   +++++                    (no amulet)
HPRegen 1.08/turn                C - ring of see invisible
MPRegen 0.14/turn                (no ring)

@: paralysed, lethally poisoned (-2 -> -3)
A: fangs 3, regeneration 1, magic shield, antimagic bite, no potion heal 2
a: Renounce Religion, Unearth Wretches


You were on level 7 of the Dungeon.
You worshipped Kikubaaqudgha.
Kikubaaqudgha was pleased with you.
You visited 2 branches of the dungeon, and saw 10 of its levels.

You collected 340 gold pieces.
You spent 99 gold pieces at shops.

Inventory:

Hand Weapons
 a - a +2 vampiric dagger (weapon)
 g - a +0 rapier
 s - a +0 dagger of venom
 x - a +2 dagger
 y - a +3 dagger
 T - a +2 dagger of distortion {!w}
 X - a +2 dagger of speed
Missiles
 d - 35 poisoned darts (quivered)
 e - 4 curare-tipped darts
 B - 5 boomerangs
 R - 2 silver boomerangs
 Y - 2 throwing nets
Armour
 c - a +0 cloak (worn)
 k - a +0 pair of boots (worn)
 u - the +5 ring mail of Zin's Whim {rF+ Int+4}
   (You found it on level 2 of the Dungeon)

   Int:       It affects your intelligence (+4).
   rF:        It protects you from fire.
 w - a +0 helmet (worn)
 D - a +0 pair of gloves (worn)
 O - +0 steam dragon scales (worn)
 U - a +1 robe of willpower
Jewellery
 C - a ring of see invisible (left hand)
 Q - the amulet "Iwidgh" {RegenMP rElec rPois rC- Int-2}
   (You found it on level 6 of the Dungeon)

   [amulet of magic regeneration]

   It increases your rate of magic regeneration.
   Int:       It affects your intelligence (-2).
   rC:        It makes you vulnerable to cold.
   rElec:     It insulates you from electricity.
   rPois:     It protects you from poison.
Wands
 q - a wand of iceblast (9)
 M - a wand of polymorph (11)
 V - a wand of acid (3)
Scrolls
 b - 3 scrolls of magic mapping {unknown}
 h - 2 scrolls of poison {unknown}
 p - a scroll of silence {unknown}
 r - a scroll of noise {unknown}
 z - a scroll of acquirement {unknown}
 F - 2 scrolls of enchant armour {unknown}
 G - a scroll of fear {unknown}
 I - a scroll of fog {unknown}
 J - 4 scrolls of blinking {unknown}
 K - a scroll of butterflies
 L - 5 scrolls of teleportation
 S - a scroll of enchant weapon {unknown}
Potions
 f - 2 potions of cancellation
 i - a potion of ambrosia
 j - 3 potions of invisibility
 l - 4 potions of curing
 m - 2 potions of resistance
 n - 2 potions of lignification {!q}
 o - 3 potions of heal wounds
 t - 5 potions of flight {unknown}
 v - 2 potions of magic {unknown}
 A - a potion of degeneration {unknown}
 E - 2 potions of mutation {unknown}
 N - a potion of brilliance {unknown}
 P - 2 potions of might {unknown}
 W - a potion of berserk rage {unknown}


   Skills:
 + Level 5.6 Fighting
 + Level 6.3 Short Blades
 + Level 6.3 Throwing
 - Level 0.7 Dodging
 + Level 10.0 Stealth
 + Level 2.0 Spellcasting
 + Level 4.5 Necromancy
 + Level 5.1 Evocations


You had 10 spell levels left.
You knew the following spells:

 Your Spells              Type           Power      Damage    Failure   Level
a - Vampiric Draining     Necr           13%        2d6       12%         3

Your spell library contained the following spells:

 Spells                   Type           Power      Damage    Failure   Level
 Necrotise                Necr           52%        1d6       4%          1
 Kiss of Death            Conj/Necr      28%        2d7       10%         1
 Cigotuvi's Dreadful Rot  Necr/Pois/Air  10%        N/A       21%         2
 Magic Dart               Conj           4%         1d3       26%         1
 Scorch                   Fire           2%         2d5       36%         2
 Searing Ray              Conj           2%         2d4       36%         2
 Animate Dead             Necr           13%        N/A       36%         4
 Agony                    Necr           13%        N/A       73%         5
 Airstrike                Air            0%         2d(1-17)  94%         4
 Flame Wave               Conj/Fire      1%         2d4       94%         4
 Fulminant Prism          Conj/Hex       0%         3d5       94%         4
 Leda's Liquefaction      Hex/Erth       0%         N/A       94%         4
 Summon Ice Beast         Ice/Summ       1%         N/A       94%         4
 Summon Lightning Spire   Summ/Air       1%         N/A       94%         4
 Lee's Rapid Deconstruct  Erth           0%         3d4*      100%        5
 Lightning Bolt           Conj/Air       0%         1d11      100%        5
 Summon Forest            Summ/Tloc      0%         N/A       100%        5
 Summon Mana Viper        Hex/Summ       1%         N/A       100%        5
 Eringya's Noxious Bog    Tmut/Pois      0%         N/A       100%        6
 Statue Form              Tmut/Erth      0%         N/A       100%        6
 Summon Cactus Giant      Summ           0%         N/A       100%        6
 Monstrous Menagerie      Summ           0%         N/A       100%        7
 Summon Hydra             Summ           0%         N/A       100%        7


Dungeon Overview and Level Annotations

Branches:
Dungeon (9/15)             Temple (1/1) D:6            Lair (0/5) D:8
    Orc: D:9-12

Altars:
Ashenzari
Dithmenos
Elyvilon
Fedhas
Gozag
Hepliaklqana
Kikubaaqudgha
Makhleb
Nemelex Xobeh
Okawaru
Qazlal
Ru
Sif Muna
Trog
Uskayaw
Vehumet
Wu Jian
Xom
Yredelemnul
Zin
The Shining One

Shops:
D:1 ?   D:3 (   D:9 [

Annotations:
D:7 fly


Innate Abilities, Weirdness & Mutations

You have razor-sharp teeth.
Your natural rate of healing is unusually fast.
When hurt, damage is shared between your health and your magic reserves.
Your bite disrupts and absorbs the magic of your enemies.
Potions cannot restore your health.


Message History

You climb upwards.
Level annotation: fly
There is a stone staircase leading down, spattered with blood here.
Aiming: Paralyse
Press: ? - help, Shift-Dir - straight line, f - hornet
Aim: a hornet (chance to affect: 52%)
The hornet resists with significant effort.
The now-empty wand crumbles to dust.
The hornet barely misses you. The black bear completely misses you.
The black bear claws you but does no damage. x2
The warg bites you! The hornet misses you.
You start putting on your amulet.
You continue putting on the amulet "Iwidgh" {RegenMP rElec rPois rC- Int-2}.
The black bear bites you but does no damage.
Keep equipping yourself?
The black bear claws you but does no damage. x2
The warg bites you but does no damage. The hornet stings you.
You are poisoned.
You feel yourself slow down.
You continue putting on the amulet "Iwidgh" {RegenMP rElec rPois rC- Int-2}.
You feel very sick.
The hornet stings you but does no damage.
The warg bites you. The black bear barely misses you. x3
The hornet stings you!
You suddenly lose the ability to move!
You stop putting on your amulet.
The warg bites you!
* * * LOW HITPOINT WARNING * * *
The black bear bites you but does no damage.
The black bear claws you but does no damage.
The black bear claws you.
* * * LOW HITPOINT WARNING * * *
You feel yourself speed up.
You feel sick.
The hornet stings you but does no damage.
The warg bites you!
* * * LOW HITPOINT WARNING * * *
The black bear bites you but does no damage.
The black bear claws you but does no damage. x2
The hornet stings you.
You die...
Kikubaaqudgha rasps: "You have failed me!
Welcome... death!"

#.# #.....#
#.#####.....##
#######.[...........
#.#.................
###.#..##...........#'
#...#..........#####..
#.#.#.......#....##...
#.#.#h#.#.....##.##...
#.#.h@y...............
#.#####.......##.###..
#.# #.#......#.# ###
#.#####.#####..#.###
#..................###
#####.(........###....
#.###...#.####.#.. #.#
#...#....#.##. #.#
#........#.###


You could see a hornet, a warg and a black bear.

Vanquished Creatures
  Psyche (D:9)
  5 yaks (D:9)
  3 steam dragons
  A warg (D:7)
  4 water moccasins
  An orc warrior (D:9)
  2 sky beasts
  An ice beast (D:6)
  2 black bears
  3 centaurs
  2 ogres
  2 phantoms
  2 kobold brigands
  2 scorpions
  5 necrophages
  3 bullfrogs
  4 wights
  A howler monkey (D:9)
  2 jellies
  6 orc priests
  Crazy Yiuf (D:3)
  A gnoll bouda (D:7)
  5 hounds
  Jessica (D:3)
  3 iguanas
  2 orc wizards (D:9)
  Robin (D:2)
  4 gnolls
  9 adders
  2 shadow imps
  An ufetubus (D:5)
  A worm (D:3)
  5 dart slugs
  32 orcs
  5 endoplasms
  5 giant cockroaches
  19 goblins
  10 hobgoblins
  17 kobolds
  A quokka (D:2)
  11 ball pythons
  6 bats
  7 frilled lizards
  9 rats
210 creatures vanquished.

Vanquished Creatures (others)
  An orc (D:8)
1 creature vanquished.

Grand Total: 211 creatures vanquished

Notes
Turn   | Place    | Note
-------+----------+-------------------------------------------
     0 | D:1      | mopl the Vine Stalker Brigand began the quest for the Orb.
     0 | D:1      | Reached XP level 1. HP: 11/11 MP: 2/2
     1 | D:1      | Noticed an electric eel
    45 | D:1      | Reached skill level 5 in Stealth
    77 | D:1      | Reached skill level 2 in Short Blades
    77 | D:1      | Reached skill level 2 in Throwing
   140 | D:1      | Reached XP level 2. HP: 15/15 MP: 3/3
   150 | D:1      | Found a faded altar of an unknown god.
   488 | D:1      | Found The Oracle's Delphic Readings.
   631 | D:1      | Reached XP level 3. HP: 11/18 MP: 2/4
  1272 | D:2      | Identified the +5 ring mail of Zin's Whim {rF+ Int+4}
  1275 | D:2      | Found a hide-covered altar of Uskayaw.
  1387 | D:3      | Noticed Robin
  1424 | D:2      | Gained mutation: Your natural rate of healing is unusually
                  | fast. [Vine Stalker growth]
  1424 | D:2      | Reached XP level 4. HP: 21/23 MP: 2/5
  1460 | D:2      | Killed Robin
  1510 | D:3      | Found Lakur's Weapon Shop.
  1703 | D:3      | Reached skill level 3 in Short Blades
  1703 | D:3      | Reached skill level 6 in Stealth
  1703 | D:3      | Reached XP level 5. HP: 10/26 MP: 2/6
  1736 | D:3      | Reached skill level 3 in Throwing
  1786 | D:3      | Noticed Jessica
  1790 | D:3      | Killed Jessica
  2005 | D:3      | Found a runed translucent door.
  2006 | D:3      | Noticed Crazy Yiuf
  2013 | D:3      | Killed Crazy Yiuf
  2109 | D:4      | Noticed a centaur
  2129 | D:4      | Killed a centaur
  2130 | D:4      | Reached skill level 2 in Fighting
  2130 | D:4      | Reached XP level 6. HP: 17/30 MP: 3/7
  2206 | D:4      | Reached skill level 1 in Evocations
  2397 | D:4      | Reached XP level 7. HP: 17/35 MP: 4/8
  2754 | D:1      | Bought a scroll of identify for 22 gold pieces
  2754 | D:1      | Bought a scroll of butterflies for 44 gold pieces
  2754 | D:1      | Bought a scroll of teleportation for 33 gold pieces
  2863 | D:5      | Entered Level 5 of the Dungeon
  3002 | D:5      | Reached skill level 7 in Stealth
  3120 | D:5      | Reached skill level 4 in Short Blades
  3120 | D:5      | Reached skill level 4 in Throwing
  3159 | D:5      | Reached skill level 2 in Evocations
  3231 | D:5      | Reached skill level 3 in Fighting
  3647 | D:6      | Noticed a steam dragon
  3676 | D:5      | Killed a steam dragon
  3677 | D:5      | Gained mutation: You have razor-sharp teeth. [Vine Stalker
                  | growth]
  3677 | D:5      | Reached XP level 8. HP: 20/40 MP: 2/9
  3994 | D:6      | Found a staircase to the Ecumenical Temple.
  4126 | Temple   | Entered the Ecumenical Temple
  4126 | Temple   | Found a transporter.
  4126 | Temple   | Found a transporter.
  4128 | Temple   | Found a transporter.
  4128 | Temple   | Found a transporter.
  4163 | Temple   | Became a worshipper of Kikubaaqudgha
  4231 | D:6      | Reached skill level 8 in Stealth
  4249 | D:6      | Reached skill level 3 in Evocations
  4267 | D:6      | Reached skill level 1 in Necromancy
  4298 | D:6      | Reached skill level 4 in Fighting
  4298 | D:6      | Reached skill level 5 in Short Blades
  4298 | D:6      | Reached skill level 5 in Throwing
  4331 | D:6      | Reached XP level 9. HP: 45/45 MP: 10/10
  4352 | D:6      | Reached skill level 2 in Necromancy
  4537 | D:6      | Identified the amulet "Iwidgh" {RegenMP rElec rPois rC-
                  | Int-2}
  4744 | D:7      | Reached skill level 4 in Evocations
  4760 | D:7      | Reached skill level 9 in Stealth
  4785 | D:7      | You fall into a shaft and drop 2 floors!
  4786 | D:9      | Noticed Psyche
  4792 | D:9      | Killed Psyche
  4793 | D:9      | Reached skill level 3 in Necromancy
  4854 | D:9      | Reached * piety under Kikubaaqudgha
  4854 | D:9      | Received a gift from Kikubaaqudgha
  4855 | D:9      | Reached skill level 5 in Fighting
  4870 | D:9      | Reached XP level 10. HP: 37/51 MP: 11/11
  4886 | D:9      | Reached skill level 6 in Short Blades
  4886 | D:9      | Reached skill level 6 in Throwing
  4893 | D:9      | Learned a level 3 spell: Vampiric Draining
  4902 | D:9      | Found Voisk's Antique Armour Boutique.
  4938 | D:9      | Reached skill level 4 in Necromancy
  4989 | D:9      | Reached skill level 1 in Spellcasting
  5041 | D:8      | Found a burning altar of Makhleb.
  5041 | D:8      | Noticed a manticore
  5053 | D:7      | Found a hide-covered altar of Uskayaw.
  5053 | D:7      | Found a broken altar of Ashenzari.
  5053 | D:7      | Found a basalt altar of Yredelemnul.
  5056 | D:7      | Found a shimmering altar of Xom.
  5127 | D:7      | Reached ** piety under Kikubaaqudgha
  5375 | D:7      | Reached skill level 5 in Evocations
  5588 | D:7      | Reached skill level 10 in Stealth
  5834 | D:7      | Found a glowing silver altar of Zin.
  5940 | D:8      | Found a staircase to the Lair.
  5966 | D:7      | Reached skill level 2 in Spellcasting
  6049 | D:7      | Paralysed by a hornet for 2 turns
  6050 | D:7      | Slain by a hornet

Illustrated notes

Levels and vault maps discovered:
D:1:      arrival_aquarium_a, layout_loops_ring,
          dreamdust_ecumenical_altar_statues, nicolae_nh_oracle_at_delphi
D:2:      layout_basic, basic_altar
D:3:      layout_basic, serial_shops, shop, hangedman_decor_growths,
          hex_intersection, uniq_jessica, uniq_crazy_yiuf_cottage, uniq_robin
D:4:      layout_gridville
D:5:      layout_basic
D:6:      minmay_thinvault, layout_rooms, minmay_temple_entry_antechambers,
          amcnicky_mini_rare_corridor_liquid
D:7:      black_bear_nest_1, layout_basic, nicolae_overflow_hallway_of_the_gods,
          water_boxes_lemuel
D:8:      layout_cave_pools, gammafunk_temple_overflow_arena,
          erik_lair_orcish_takeover
D:9:      layout_rooms, serial_shops, nicolae_take_the_stairs, nicolae_wwwww,
          grunt_decor_junction, uniq_maurice, uniq_psyche
Temple:   hellmonk_temple_divided_pantheon

Skill      XL: |  1  2  3  4  5  6  7  8  9 10 |
---------------+-------------------------------+-----
Stealth        | 5 6 7 8 9 10 | 10.0
Short Blades   | 2 3 4 5 6 |  6.3
Throwing       | 2 3 4 5 6 |  6.3
Fighting       | 2 3 4 5 |  5.6
Evocations     | 1 2 3 4 5 |  5.1
Necromancy     | 1 3 4 |  4.5
Spellcasting   | 2 |  2.0
Dodging        | |  0.7

Action                     |  1- 3 |  4- 6 |  7- 9 | 10-12 || total
---------------------------+-------+-------+-------+-------++-------
  Melee: Dagger            |    84 |   165 |   332 |   243 ||   824
         Bite              |    19 |    49 |   125 |    93 ||   286
         Punch             |     3 |     5 |     8 |     8 ||    24
  Throw: Dart              |       |     4 |     1 |       ||     5
  Evoke: Wand              |       |       |     3 |     1 ||     4
    Use: Scroll            |       |       |     6 |     2 ||     8
         Potion            |       |       |     1 |     1 ||     2
   Stab: Sleeping          |    14 |    11 |    11 |     9 ||    45
         Paralysed         |       |       |     2 |       ||     2
         Invisible         |       |       |       |     4 ||     4
 Armour: Robe              |    19 |    59 |    22 |       ||   100
         Steam dragon scal |       |       |    86 |   108 ||   194
  Dodge: Dodged            |    33 |    85 |   164 |   148 ||   430

Table legend: (Time is in decaauts)
 A = Elapsed time spent in this place.
 B = Non-inter-level travel time spent in this place.
 C = Inter-level travel time spent in this place.
 D = Time resting spent in this place.
 E = Time spent auto-exploring this place.
 F = Levels seen in this place.
 G = Mean time per level.
                   A        B        C        D        E       F      G
               +--------+--------+--------+--------+--------+-----+--------+
         Total |   5870 |   5403 |    467 |    126 |   3498 |  10 |  587.0 |
       Dungeon |   5814 |   5356 |    458 |    126 |   3498 |   9 |  646.0 |
        Temple |     55 |     47 |      8 |      0 |      0 |   1 |   55.0 |
               +--------+--------+--------+--------+--------+-----+--------+

Top non-repeatable levels by time:
     D:7: 1012 daAuts
     D:6: 877 daAuts
     D:5: 844 daAuts
     D:2: 824 daAuts
     D:1: 738 daAuts
     D:3: 642 daAuts
     D:4: 630 daAuts
     D:9: 180 daAuts
     D:8: 64 daAuts
  Temple: 55 daAuts
